 Dungeon Crawl Stone Soup version 0.32-a0-30-gefbe487952 (webtiles) character file.

Game seed: 12662114207160616302

101 anacleto the Changeling (level 4, -1/63 HPs)
             Began as a Troll Shapeshifter on Jan 20, 2024.
             Blown up by Ijyb (18 damage)
             ... with a mindburst bolt
             ... on level 3 of the Dungeon.
             The game lasted 00:03:32 (2320 turns).

anacleto the Changeling (Troll Shapeshifter)        Turns: 2320, Time: 00:03:33

Health: -1/63      AC: 22    Str: 24    XL:     4   Next: 48%
Magic:  3/3        EV:  1    Int:  6    God:
Gold:   229        SH:  0    Dex:  9    Spells: 3/3 levels left

rFire   . .          .
                       - Unarmed
rCold   . . .        (no shield)
rNeg    . . .        a - melded +0 animal skin
rPois   +            (helmet currently unavailable)
rElec   .            (cloak currently unavailable)
rCorr   .            (gloves unavailable)
SInv    .            (boots unavailable)
Will    .....        (no amulet)
Stlth   +            (no ring)
HPRegen 1.10/turn    (no ring)
MPRegen 0.08/turn

%: no passive effects
@: tree-form
A: stationary, stasis, torment immunity, boosted hp, large, unfitting armour,
(claws 3), regeneration 1, (shaggy fur 1), (tough skin 1)
a: no special abilities


You were on level 3 of the Dungeon.
You were a tree.
You visited 1 branch of the dungeon, and saw 3 of its levels.

You collected 229 gold pieces.

Inventory:

Missiles
 f - 12 boomerangs (quivered)
 h - 3 poisoned darts
 r - 8 large rocks
Armour
 a - a +0 animal skin (melded)
Jewellery
 g - a +4 ring of protection
 p - a ring of resist corrosion
Talismans
 c - a beast talisman
 d - a flux talisman
 e - a talisman of death
Scrolls
 k - 3 scrolls of identify {unknown}
 l - 2 scrolls of teleportation {unknown}
 n - a scroll of revelation {unknown}
 q - a scroll of brand weapon {unknown}
 s - a scroll of acquirement {unknown}
 t - a scroll of enchant armour {unknown}
Potions
 b - a potion of lignification
 i - a potion of magic {unknown}
 j - 3 potions of enlightenment {unknown}
 m - 2 potions of mutation {unknown}
 o - a potion of berserk rage {unknown}


   Skills:
 + Level 1.6 Fighting
 + Level 0.4 Throwing
 + Level 2.4 Dodging
 + Level 3.5 Unarmed Combat
 * Level 3.6 Shapeshifting


You had 3 spell levels left.
You didn't know any spells.
Your spell library contained the following spells:

 Spells                   Type           Power      Damage    Failure   Level
 Call Imp                 Summ           0%         N/A       58%         2
 Mercury Vapours          Alch/Air       0%         N/A       58%         2
 Sublimation of Blood     Necr           0%         N/A       58%         2
 Hailstorm                Conj/Ice       0%         3d5       83%         3
 Mephitic Cloud           Conj/Alch/Air  0%         N/A       83%         3
 Summon Ice Beast         Ice/Summ       0%         N/A       83%         3
 Freezing Cloud           Conj/Ice/Air   0%         6-21      100%        5
 Sculpt Simulacrum        Ice/Alch       0%         N/A       100%        6
 Summon Hydra             Summ           0%         N/A       100%        7


Dungeon Overview and Level Annotations

Branches:
Dungeon (3/15)

Altars:
Okawaru

Annotations:
D:3 Ijyb


Innate Abilities, Weirdness & Mutations

You are a tree.
Your roots penetrate the ground, keeping you stationary.
You cannot be teleported.
You are immune to unholy pain and torment.
Your maximum health is greatly increased.
Your equipment is partially melded.
You are too large for most types of armour.
((You have claws for hands.))
Your natural rate of healing is unusually fast.
((You are covered in fur. (AC +1)))
((You have tough skin. (AC +1)))


Message History

You barely miss Ijyb. Ijyb hits you with a +0 dagger.
You closely miss Ijyb. Ijyb barely misses you.
You scratch Ijyb.
Ijyb is lightly wounded.
Ijyb closely misses you.
You scratch Ijyb.
Ijyb is lightly wounded.
You closely miss Ijyb.
Ijyb is lightly wounded.
Ijyb zaps a wand.
You barely resist. You scratch Ijyb but do no damage.
Ijyb is lightly wounded.
Ijyb hits you with a +0 dagger.
You barely miss Ijyb. Your claw misses Ijyb.
Ijyb is lightly wounded.
Ijyb zaps a wand.
Your mind is blasted!
You scratch Ijyb.
Ijyb is moderately wounded.
Ijyb hits you with a +0 dagger.
You scratch Ijyb.
Ijyb is moderately wounded.
Ijyb hits you but does no damage.
Your transformation has ended.
You turn into a tree.
Your +0 animal skin melds into your body.
Your roots penetrate the ground.
Ijyb hits you with a +0 dagger.
Smack: -) Branches
Press: ? - help, Dir - move target, f - Ijyb
Aim: Ijyb, wielding a +0 dagger, wearing a +0 ring mail and carrying a wand of mindburst (moderately wounded, about 43% to evade your branches)
You completely miss Ijyb.
Ijyb is moderately wounded.
Ijyb zaps a wand.
Your mind is blasted!
* * * LOW HITPOINT WARNING * * *
Smack: -) Branches
Press: ? - help, Dir - move target, f/p - Ijyb
Aim: Ijyb, wielding a +0 dagger, wearing a +0 ring mail and carrying a wand of mindburst (moderately wounded, about 43% to evade your branches)
You closely miss Ijyb.
Ijyb is moderately wounded.
Ijyb zaps a wand.
Your mind is blasted!
You die...

#....# ###### ### ##
..# #####.... # ##.#
#........ # ..# #.#
. # #.# #♣# ... #
##.######g##..... .
#.............g.. #
####..######.#......
# #.##..# #......##
# #.##..# #####.##
#####.....# .#
...#####.### # ##.#
#...#


You could see Ijyb.

Vanquished Creatures
  A bombardier beetle (D:3)
  2 ribbon worms (D:2)
  7 bats
  8 endoplasms
  2 giant cockroaches
  5 goblins
  6 hobgoblins
  3 kobolds
  5 quokkas
  7 ball pythons
  2 frilled lizards (D:1)
  9 rats
57 creatures vanquished.

Notes
Turn   | Place    | Note
-------+----------+-------------------------------------------
     0 | D:1      | anacleto the Troll Shapeshifter began the quest for the
                  | Orb.
     0 | D:1      | Reached XP level 1. HP: 18/18 MP: 0/0
    87 | D:1      | Reached skill level 1 in Fighting
    94 | D:1      | Reached XP level 2. HP: 27/27 MP: 1/1
   740 | D:2      | Reached XP level 3. HP: 33/33 MP: 2/2
  1276 | D:2      | Found an iron altar of Okawaru.
  1916 | D:3      | Reached XP level 4. HP: 41/41 MP: 3/3
  2299 | D:3      | Noticed Ijyb
  2320 | D:3      | Blown up by Ijyb

Illustrated notes

Levels and vault maps discovered:
D:1:      heliophobic_arrival_ceremonial_halls, layout_basic,
          hangedman_decor_growths, minmay_rat_gold_closets
D:2:      layout_basic, basic_altar, dk_noncrumbling_4, serial_park_tiny_1,
          fountainhead, serial_bayou_pond_b
D:3:      layout_loops_corners, portal_sewer_entry_e, minmay_misc_feat_hallway,
          chequers_serial_rivers_room_a, kennysheep_decorative_pillar,
          kennysheep_small_spiral, uniq_ijyb

Skill      XL: |  1  2 |
---------------+-------+-----
Fighting       | 1 |  1.6
Dodging        | 2 |  2.4
Throwing       | |  0.4
Unarmed Combat | |  3.5
Shapeshifting  | |  3.6

Action                     |  1- 3 |  4- 6 || total
---------------------------+-------+-------++-------
  Melee: Unarmed           |   109 |    26 ||   135
         Punch             |     2 |       ||     2
    Use: Potion            |       |     1 ||     1
   Stab: Sleeping          |     3 |       ||     3
 Armour: Animal skin       |    61 |    15 ||    76
         Skin              |       |     1 ||     1
  Dodge: Dodged            |    49 |     6 ||    55

Table legend: (Time is in decaauts)
 A = Elapsed time spent in this place.
 B = Non-inter-level travel time spent in this place.
 C = Inter-level travel time spent in this place.
 D = Time resting spent in this place.
 E = Time spent auto-exploring this place.
 F = Levels seen in this place.
 G = Mean time per level.
                   A        B        C        D        E       F      G
               +--------+--------+--------+--------+--------+-----+--------+
         Total |   2311 |   2249 |     62 |      0 |   1767 |   3 |  770.3 |
       Dungeon |   2311 |   2249 |     62 |      0 |   1767 |   3 |  770.3 |
               +--------+--------+--------+--------+--------+-----+--------+

Top non-repeatable levels by time:
     D:2: 949 daAuts
     D:3: 692 daAuts
     D:1: 669 daAuts
